 Dungeon Crawl Stone Soup version 0.30.1-4-g462c640d31 (webtiles) character file.

Game seed: 15112678207369765731

21 growler the Chopper (level 2, 21/23 HPs)
             Began as a Demonspawn Gladiator on Aug 23, 2023.
             Quit the game on level 2 of the Dungeon.
             The game lasted 00:02:30 (1085 turns).

growler the Chopper (Demonspawn Gladiator)          Turns: 1085, Time: 00:02:31

Health: 21/23      AC:  4    Str: 14    XL:     2   Next: 65%
Magic:  2/2        EV: 12    Int:  9    God:
Gold:   44         SH:  0    Dex: 14    Spells: 1/1 levels left

rFire   . . .        a - +0 war axe
rCold   . . .        (no shield)
rNeg    . . .        b - +0 leather armour
rPois   .            (helmet restricted)
rElec   .            j - +0 cloak
rCorr   .            (no gloves)
SInv    .            (no boots)
Will    .....        (no amulet)
Stlth   +            (no ring)
HPRegen 0.23/turn    (no ring)
MPRegen 0.08/turn

%: no passive effects
@: no status effects
A: antennae 1
a: no special abilities


You were on level 2 of the Dungeon.
You visited 1 branch of the dungeon, and saw 2 of its levels.

You collected 44 gold pieces.

Inventory:

Hand Weapons
 a - a +0 war axe (weapon)
Missiles
 d - 3 throwing nets (quivered)
 e - a javelin
Armour
 b - a +0 leather armour (worn)
 c - a +0 helmet
 j - a +0 cloak (worn)
Jewellery
 i - a ring of flight
Scrolls
 f - a scroll of identify {unknown}
 g - a scroll of blinking {unknown}
 h - a scroll of amnesia {unknown}
Potions
 k - a potion of brilliance {unknown}
 l - a potion of flight {unknown}


   Skills:
 + Level 2.7 Fighting
 + Level 3.2 Axes
 - Level 1.7 Throwing
 - Level 2.6 Dodging


You had one spell level left.
You didn't know any spells.
Your spell library was empty.

Dungeon Overview and Level Annotations

Branches:
Dungeon (2/15)

Altars:

Shops:
D:2 *


Innate Abilities, Weirdness & Mutations

You have a pair of small antennae on your head.


Message History

A bat comes into view.
A bat is nearby!
A rat comes into view.
The bat misses you.
You slash the bat!
You kill the bat!
The rat bites you but does no damage.
You barely miss the rat. The rat barely misses you.
You closely miss the rat. The rat barely misses you.
The rat completely misses you.
You slash the rat!
You kill the rat!
No target in view!
You open the door.
Found Nahir's Assorted Antiques.
There is an open door here.
There is an entrance to Nahir's Assorted Antiques here.
As you open the door, it creaks loudly!
There is an open door here.
You now have 44 gold pieces (gained 9).
Found a stone staircase leading down.
A ball python comes into view.
The ball python hisses angrily.
The ball python moves out of view.
No target in view!
No target in view!
Unknown command.
The ball python bites you. The ball python grabs you.
The ball python constricts you.
You closely miss the ball python. The ball python completely misses you.
The ball python constricts you.
You hit the ball python.
The ball python is moderately wounded.
The ball python barely misses you. The ball python constricts you.
The ball python bites you but does no damage.
The ball python constricts you.
You slash the ball python!
You kill the ball python!
No target in view!
Are you sure you want to abandon this character and quit the game? (Confirm with "yes".)

> #.# ###..... ..# #.#
######....... ...# #.#
#......#..... # #..##.#
#.###..#.....
.#.##....###.###..#.....
.......#..##.#....#...++
#.....#.....#.##.#...+∩
#....†#.##..#.##.#...+'
#...@.###.#.##.#.....
#.#...# #............
##.## #.#.##.###### #.#
#.#....# #.. .....###
### #.##.. # #


There were no monsters in sight!

Vanquished Creatures
  4 endoplasms (D:1)
  A hobgoblin (D:1)
  A quokka (D:1)
  3 ball pythons
  4 bats
  A goblin (D:1)
  3 kobolds (D:1)
  2 rats
19 creatures vanquished.

Notes
Turn   | Place    | Note
-------+----------+-------------------------------------------
     0 | D:1      | growler the Demonspawn Gladiator began the quest for the
                  | Orb.
     0 | D:1      | Reached XP level 1. HP: 16/16 MP: 1/1
   340 | D:1      | Reached skill level 3 in Axes
   351 | D:1      | Gained mutation: You have a pair of small antennae on your
                  | head. [demonic ancestry]
   351 | D:1      | Reached XP level 2. HP: 23/23 MP: 2/2
  1046 | D:2      | Found Nahir's Assorted Antiques.
  1085 | D:2      | Quit the game

Illustrated notes

Levels and vault maps discovered:
D:1:      co_arrival_square_in_a_square_in_a_square, layout_loops_cross,
          serial_co_window_serial, co_window_corner_a, co_window_paths_b,
          co_window_cross_1, co_window_of_opportunity_a, co_window_paths_a,
          co_window_of_opportunity_a, co_window_corner_a,
          co_window_of_opportunity_b, co_window_broadway_c,
          co_window_unsneaky_path_d, co_window_paths_c, co_window_corner_ca,
          glass_columns_a, glass_columns_a, glass_columns_b, glass_columns_c
D:2:      layout_basic, serial_shops, nicolae_shop_tiny_real_fake_doors,
          minmay_misc_feat_iff

Skill      XL: |  1 |
---------------+----+-----
Axes           | 3 |  3.2
Fighting       | |  2.7
Throwing       | |  1.7
Dodging        | |  2.6

Action                     || total
---------------------------++-------
  Melee: War axe           ||    37
   Stab: Sleeping          ||     1
 Armour: Leather armour    ||    11
  Dodge: Dodged            ||    33
